AoeStats
← Vinnyloot

Arena

510384069Analyzed
2v2 RM · 1d ago on Sep 30, 2026· 70m 30s· 4 players
Game mode
Random Map
Map size
Medium (4 player)
Population
200
Speed
Normal
Resources
Standard
Victory
Conquest
Starting age
Dark Age
Ending age
Imperial Age
RankedLock teamsTeams togetherTeam positionsShared explorationLock speedFull tech treeHidden civsTurbo modeCheats
Victory
Defeat
🇨🇦 Wei · Canada
804
+16
🇨🇦 Byzantines · Canada
768
+18
🇩🇪 Khitans · Germany
818
-17
🇸🇪 Japanese · Sweden
797
-17
Kwasnica
10:12 Feudal Age
16:48 Castle Age
17:32 Double-Bit Axe
17:29 Horse Collar
20:03 Bow Saw
20:56 Wheelbarrow
21:28 Stone Mining
22:20 Heavy Plow
22:14 Gold Mining
23:08 Loom
26:24 Hand Cart
30:49 Stone Shaft Mining
33:01 Imperial Age
30:50 Scale Barding Armor
30:56 Forging
30:52 Scale Mail Armor
31:32 Loom
32:13 Chain Barding Armor
34:11 Iron Casting
35:09 Gold Shaft Mining
35:06 Conscription
35:56 Two-Man Saw
35:29 Crop Rotation
36:09 Plate Barding Armor
35:25 Fletching
35:35 Padded Archer Armor
35:26 Elite Cataphract
37:12 Logistica
36:51 Elite Varangian Guard
38:38 Chain Mail Armor
38:19 Bodkin Arrow
38:39 Leather Archer Armor
38:09 Treadmill Crane
38:53 Ballistics
40:36 Block Printing
46:03 Sanctity
48:57 Caravan
50:12 Chemistry
49:05 Guard Tower
49:02 Arrowslits
49:28 Fortified Wall
49:14 Murder Holes
51:12 Plate Mail Armor
50:43 Bracer
51:14 Ring Archer Armor
51:09 Squires
55:42 Arson
55:43 Gambesons
56:43 Hoardings
61:07 Pikeman
63:26 Greek Fire
68:11 Elite Skirmisher
68:28 Halberdier
Vinnyloot
7:49 Loom
8:07 Loom
10:21 Feudal Age
10:45 Horse Collar
10:51 Double-Bit Axe
15:38 Loom
18:41 Castle Age
17:40 Gold Mining
17:41 Stone Mining
18:48 Bloodlines
20:09 Pikeman
20:49 Squires
21:32 Husbandry
24:21 Wheelbarrow
23:33 Town Watch
25:34 Heavy Plow
31:27 Gold Shaft Mining
31:29 Stone Shaft Mining
30:59 Man-at-Arms
34:42 Imperial Age
32:38 Ballistics
32:51 Long Swordsman
33:39 Thumb Ring
34:18 Bow Saw
34:08 Murder Holes
34:52 Two-Handed Swordsman
36:20 Parthian Tactics
36:30 Padded Archer Armor
37:43 Scale Mail Armor
37:58 Leather Archer Armor
37:54 Forging
38:23 Masonry
37:54 Treadmill Crane
41:19 Conscription
41:00 Tuntian
41:25 Ming Guang Armor
42:25 Scale Barding Armor
42:50 Ring Archer Armor
42:56 Iron Casting
42:12 Fletching
42:38 Chain Mail Armor
44:14 Hoardings
45:58 Fortified Wall
48:37 Crop Rotation
48:30 Hand Cart
56:27 Chain Barding Armor
57:08 Blast Furnace
56:04 Bodkin Arrow
59:24 Elite Tiger Cavalry
62:45 Bracer
62:48 Caravan
nels
9:45 Feudal Age
10:23 Horse Collar
12:32 Loom
14:14 Double-Bit Axe
17:25 Castle Age
17:49 Gold Mining
17:49 Stone Mining
17:55 Stone Mining
18:18 Bow Saw
18:10 Heavy Plow
22:13 Forging
22:03 Scale Mail Armor
21:26 Pikeman
22:09 Squires
24:37 Chain Mail Armor
28:46 Gold Shaft Mining
30:58 Pikeman
37:31 Husbandry
37:42 Bloodlines
39:35 Husbandry
39:46 Bloodlines
49:23 Imperial Age
50:02 Iron Casting
51:07 Elite Samurai
52:37 Cavalier
52:59 Halberdier
64:29 Two-Man Saw
AVAbest
11:18 Feudal Age
15:39 Castle Age
13:47 Double-Bit Axe
16:21 Wheelbarrow
16:00 Domestication
16:36 Bow Saw
22:17 Hand Cart
21:48 Town Watch
23:02 Gold Mining
24:55 Squires
25:14 Forging
25:04 Scale Mail Armor
25:05 Stone Mining
25:37 Fervor
26:13 Pastoralism
29:43 Fletching
33:13 Imperial Age
31:47 Lamellar Armor
31:30 Arson
32:23 Iron Casting
32:03 Chain Mail Armor
32:18 Ballistics
31:56 Murder Holes
32:13 Masonry
32:15 Fortified Wall
31:51 Treadmill Crane
32:07 Murder Holes
32:25 Fortified Wall
32:26 Masonry
33:43 Stone Shaft Mining
33:11 Bodkin Arrow
33:23 Town Patrol
33:09 Loom
34:29 Plate Mail Armor
34:49 Conscription
36:21 Two-Man Saw
35:57 Transhumance
34:55 Elite Liao Dao
37:32 Bracer
39:23 Capped Ram
41:26 Scale Barding Armor
41:31 Siege Ram
45:45 Husbandry
45:14 Heavy Camel Rider
46:17 Caravan
51:38 Chain Barding Armor
50:45 Pikeman
60:34 Light Cavalry
64:06 Plate Barding Armor
Connection lost

Rejoining the realm…

Still unreachable

The connection could not be restored.

Session expired

The server has moved on; the page needs a fresh start.